 Dungeon Sprint DCSS version 0.20-a0-1058-g0491fde (webtiles) character file.

0 lordofpotatos the Gusty (level 1, -4/14 HPs)
             Began as a Draconian Air Elementalist on Apr 26, 2017.
             Was an Initiate of Sif Muna.
             Slain by a mummy (16 damage)
             ... in the Dungeon (Sprint V: "Ziggurat Sprint").
             The game lasted 00:01:03 (119 turns).

lordofpotatos the Gusty (Draconian Air Elementalist) Turns: 119, Time: 00:01:04

Health: -4/14      AC:  4    Str: 10    XL:     1   Next: 8%
Magic:  7/9        EV: 12    Int: 33    God:    Sif Muna [......]
Gold:   0          SH:  0    Dex: 11    Spells: 3/4 levels left

rFire    . . .     SeeInvis .   h - +6 Majin-Bo {vamp, Archmagi MP+6 Int+6}
rCold    . . .     Gourm    .   (shield currently unavailable)
rNeg     . . .     Faith    .   (armour unavailable)
rPois    .         Spirit   .   (helmet restricted)
rElec    .         Reflect  .   (no cloak)
rCorr    .         Harm     .   (no gloves)
MR       .....     NoTele   +   (no boots)
Stlth    ++........             (no amulet)
Regen    0.1/turn               z - +6 ring of intelligence
MPRegen  0.2/turn               A - +6 ring of intelligence

@: no status effects
A: unfitting armour, cold-blooded, AC +4
a: Renounce Religion


You were in the Dungeon.
You worshipped Sif Muna.
Sif Muna was noncommittal.
You were not hungry.

You visited 1 branch

Inventory:

Hand Weapons
 h - the +6 Majin-Bo (weapon) {vamp, Archmagi MP+6 Int+6}
   (You found it in the Dungeon)

   It inflicts no extra harm, but heals its wielder when it wounds a living foe.
   It affects your intelligence (+6).
   It affects your magic capacity (+6).
Jewellery
 z - a +6 ring of intelligence (left hand)
 A - a +6 ring of intelligence (right hand)
Scrolls
 t - 5 scrolls of remove curse
 u - 2 scrolls of fear
Potions
 c - 10 potions of curing
 d - 10 potions of heal wounds
 e - 6 potions of haste
 f - 7 potions of magic
 g - 3 potions of berserk rage
 i - 2 potions of brilliance
 j - 2 potions of invisibility
 k - 4 potions of resistance
 l - a potion of experience
 m - 5 potions of agility
 n - 5 potions of might
Books
 a - a book of Air

   Spells                             Type                      Level
   a - Shock                          Conjuration/Air              1
   b - Swiftness                      Charms/Air                   2
   c - Static Discharge               Conjuration/Air              3
   d - Airstrike                      Air                          4
   e - Lightning Bolt                 Conjuration/Air              5
Comestibles
 b - 5 bread rations
 v - 42 fruits
 w - 3 meat rations


   Skills:
 + Level 1.9 Dodging
 + Level 1.7 Stealth
 + Level 2.1 Spellcasting
 + Level 1.0 Conjurations
 + Level 3.2 Air Magic


You had 3 spell levels left.
You knew the following spells:

 Your Spells              Type           Power        Failure   Level  Hunger
a - Shock                 Conj/Air       ####         2%          1    None


Dungeon Overview and Level Annotations

Branches:
Dungeon (1/1)

Altars:
Ashenzari
Cheibriados
Dithmenos
Elyvilon
Fedhas
Gozag
Hepliaklqana
Kikubaaqudgha
Makhleb
Nemelex Xobeh
Okawaru
Qazlal
Ru
Sif Muna
Trog
Uskayaw
Vehumet
Wu Jian
Xom
Yredelemnul
Zin
The Shining One
Beogh
Jiyva
Lugonu

Annotations:
D 1 transporter


Innate Abilities, Weirdness & Mutations

Your plain brown scales are hard. (AC +4)
You cannot fit into any form of body armour.
You are cold-blooded and may be slowed by cold attacks.


Message History

Aim: a jackal zombie You feel a surge of power!
The zap hits the jackal zombie.
The jackal zombie is moderately damaged.
You barely miss the jackal zombie. You tail-slap the jackal zombie.
The jackal zombie is heavily damaged.
The jackal zombie bites you but does no damage.
The jackal zombie closely misses you.
You sock the jackal zombie!
You destroy the jackal zombie!
Sif Muna accepts your kill.
Casting: Shock
Confirm with . or Enter, or press ? or * to list all spells.
Aiming: Shock
Press: ? - help, Shift-Dir - straight line, f - mummy
Aim: a mummy You feel a surge of power!
The zap hits the mummy.
The mummy is moderately damaged.
The mummy hits you!
Ouch! That really hurt!
You die...

▓▓▓▓▓▓▓
▓.8©8.▓
▓.....▓
▓.).=.▓
▓.....▓
▓..M..▓
▓..@..▓
▓▓▓▓▓▓▓


You could see a mummy.

Vanquished Creatures
  A jackal zombie (D)
1 creature vanquished.

Vanquished Creatures (others)
  A spatial maelstrom (D)
1 creature vanquished.

Grand Total: 2 creatures vanquished

Notes
Turn   | Place    | Note
-------+----------+-------------------------------------------
     0 | D        | lordofpotatos the Draconian Air Elementalist began the quest for the Orb.
     0 | D        | Reached XP level 1. HP: 14/14 MP: 3/3
     0 | D        | Found a deep blue altar of Sif Muna.
     0 | D        | Found a bloodstained altar of Trog.
     0 | D        | Found a sacrificial altar of Ru.
     0 | D        | Found a stormy altar of Qazlal.
     0 | D        | Found an iron altar of Okawaru.
     1 | D        | Found a sparkling altar of Nemelex Xobeh.
     1 | D        | Found a blossoming altar of Fedhas.
     3 | D        | Found an ancient bone altar of Kikubaaqudgha.
     3 | D        | Found a viscous altar of Jiyva.
     3 | D        | Found a corrupted altar of Lugonu.
     3 | D        | Found a hazy altar of Hepliaklqana.
     3 | D        | Found a burning altar of Makhleb.
     3 | D        | Found an opulent altar of Gozag.
    10 | D        | Banished a spatial maelstrom
    59 | D        | Became a worshipper of Sif Muna the Loreminder
   115 | D        | Entered arena 2.
   119 | D        | Slain by a mummy

Vault maps used:
D:        sprint_v

Action                   || total
-------------------------++-------
Melee: Quarterstaff      ||     2
       Tailslap          ||     1
 Cast: Shock             ||     2
  Eat: Meat ration       ||     1
Armor: Skin              ||     1
Dodge: Dodged            ||     1
